 Dungeon Crawl Stone Soup version 0.31-a0-744-gbc345e7fcb (webtiles) character file.

Game seed: 2806906749295839888

971 bobo the Trooper (level 7, -4/65 HPs)
             Began as an Armataur Monk on Sept 13, 2023.
             Was an Elder of Wu Jian.
             Slain by an orc warrior
             ... wielding a +0 trident
              (9 damage)
             ... on level 5 of the Dungeon.
             The game lasted 00:12:36 (4989 turns).

bobo the Trooper (Armataur Monk)                    Turns: 4989, Time: 00:12:39

Health: -4/65      AC: 11    Str: 22    XL:     7   Next: 94%
Magic:  7/7        EV:  5    Int: 10    God:    Wu Jian [****..]
Gold:   274        SH:  0    Dex: 11    Spells: 6/6 levels left

rFire   + .          .
                       - Unarmed
rCold   . . .        (no shield)
rNeg    . . .        v - +0 plate armour
rPois   .            e - +1 hat
rElec   +            a - +0 cloak
rCorr   .            (no gloves)
SInv    .            (no barding)
Will    .....        (no amulet) Stlth
                     g - ring of protection from fire
HPRegen 0.30/turn    (no ring)
MPRegen 0.10/turn

%: no passive effects
@: brilliant, exhausted, attractive
A: large, rugged brown scales 3, deformed body, armoured tail, (roll), long
tongue, awkward tongue, antennae 1, hooves 1, electricity resistance, strong 1,
inability to drink after injury 1
a: Renounce Religion, Wall Jump, Serpent's Lash


You were on level 5 of the Dungeon.
You worshipped Wu Jian.
Wu Jian was greatly pleased with you.
You visited 1 branch of the dungeon, and saw 5 of its levels.

You collected 274 gold pieces.

Inventory:

Armour
 a - a +0 cloak (worn)
 c - an orb of light
 e - a +1 hat (worn)
 i - a +0 kite shield
 o - a scarf of resistance
 v - a +0 plate armour (worn)
Jewellery
 f - a +6 ring of intelligence
 g - a ring of protection from fire (left hand)
Talismans
 y - a blade talisman
Scrolls
 b - a scroll of silence {unknown}
 d - 6 scrolls of identify {unknown}
 j - a scroll of poison {unknown}
 k - a scroll of torment {unknown}
 l - 2 scrolls of enchant armour {unknown}
 n - a scroll of fear {unknown}
 p - a scroll of noise {unknown}
 t - a scroll of enchant weapon {unknown}
Potions
 h - a potion of degeneration {unknown}
 m - a potion of mutation
 q - a potion of heal wounds {unknown}
 r - a potion of invisibility
 s - a potion of brilliance
 u - a potion of might {unknown}
 w - a potion of attraction
 x - a potion of haste {unknown}


   Skills:
 + Level 5.1 Fighting
 + Level 2.8 Armour
 - Level 3.3 Dodging
 - Level 3.0 Stealth
 - Level 0.7 Shields
 + Level 5.1 Unarmed Combat
 * Level 2.2 Shapeshifting


You had 6 spell levels left.
You didn't know any spells.
Your spell library contained the following spells:

 Spells                   Type           Power      Damage    Failure   Level
 Summon Small Mammal      Summ           0%         N/A       100%        1
 Cigotuvi's Dreadful Rot  Necr/Pois/Air  0%         N/A       100%        2
 Sublimation of Blood     Necr           0%         N/A       100%        2
 Gell's Gravitas          Tloc           0%         N/A       100%        3
 Teleport Other           Tloc           0%         N/A       100%        3
 Dispel Undead            Necr           0%         3d6       100%        4
 Petrify                  Tmut/Erth      0%         N/A       100%        4
 Irradiate                Conj/Tmut      0%         3d11      100%        5
 Death Channel            Necr           0%         N/A       100%        6
 Dispersal                Tloc           0%         N/A       100%        6


Dungeon Overview and Level Annotations

Branches:
Dungeon (5/15)
 Temple: D:4-7

Altars:
Cheibriados
Fedhas
Kikubaaqudgha
Qazlal
Wu Jian

Annotations:
D:4 exclusion: oklob plant


Innate Abilities, Weirdness & Mutations

You are completely covered in rugged brown scales. (AC +3, +7% HP)
Armour fits poorly on your strangely shaped body.
You have a long armoured tail.
((You roll when moving toward enemies. (Rampage)))
Your long tongue fully drains potion bottles. (2x potion effects)
Your tongue gives you trouble enunciating. (1.5x scroll delay)
You have a pair of small antennae on your head.
You have large cloven feet.
You are resistant to electric shocks. (rElec)
Your muscles are strong. (Str +4, Int/Dex -1)
You occasionally lose the ability to drink potions when taking damage.


Message History

Your supernatural speed expires.
You closely miss the iguana.
Your tail-slap misses the iguana.
The iguana is almost dead.
The iguana barely misses you.
The orc warrior hits you but does no damage.
You hit the iguana but do no damage.
The iguana is almost dead.
The iguana bites you but does no damage.
The orc warrior hits you but does no damage.
You hit the iguana.
You kill the iguana!
The Council accepts your kill.
It was a potion of attraction.
You feel attractive to monsters.
You slurp down every last drop of the potion of attraction!
The orc warrior hits you from afar with a +0 trident.
The orc warrior is attracted toward you.
You hit the orc warrior but do no damage.
The orc warrior is heavily wounded.
The orc warrior hits you with a +0 trident.
You hit the orc warrior but do no damage.
The orc warrior is heavily wounded.
The orc warrior hits you with a +0 trident!
* * * LOW HITPOINT WARNING * * *
You hit the orc warrior.
The orc warrior is heavily wounded.
The orc warrior hits you with a +0 trident!
* * * LOW HITPOINT WARNING * * *
It was a potion of brilliance.
You feel clever all of a sudden.
You slurp down every last drop of the potion of brilliance!
The orc warrior hits you with a +0 trident.
* * * LOW HITPOINT WARNING * * *
It was a potion of mutation.
You feel extremely strange.
You occasionally lose the ability to drink potions when taking damage.
You feel stronger. A pair of antennae grows on your head!
Your feet thicken and deform.
You feel insulated.
You slurp down every last drop of the potion of mutation!
The orc warrior hits you with a +0 trident!
You die...

#≈#.#≈#..# #.##....##..
#≈._.≈#..# #.......##.# .
#≈#.#≈#..# #........... ..
#≈≈≈≈≈#..# #....#.....#
...#######..# #....#.###..
....... ######....#.....#
.>..... ####..<..#.###.#
......)####.##...#.#.###..
.......)o@..##............
........###....###........
........# #.#..# #.#.###..
........# #.#.## #.#......
........# #.#.####.#..#...
.......######)#.......#...
.............)#...........
#.#...........#........#..
............)##....).


You could see an orc warrior.

Vanquished Creatures
  Grinder (D:3)
  An ice beast (D:5)
  A centaur (D:5)
  A phantom (D:5)
  A scorpion (D:5)
  2 jellies
  4 iguanas
  A sleepcap (D:5)
  3 orc wizards
  9 adders
  3 worms
  2 dart slugs
  9 orcs
  10 ball pythons
  7 endoplasms
  3 giant cockroaches
  13 goblins
  10 hobgoblins
  9 kobolds
  2 quokkas (D:2)
  4 bats
  A frilled lizard (D:2)
  8 rats
105 creatures vanquished.

Vanquished Creatures (others)
  An orc wizard (D:4)
1 creature vanquished.

Grand Total: 106 creatures vanquished

Notes
Turn   | Place    | Note
-------+----------+-------------------------------------------
     0 | D:1      | bobo the Armataur Monk began the quest for the Orb.
     0 | D:1      | Reached XP level 1. HP: 19/19 MP: 1/1
   104 | D:1      | Reached XP level 2. HP: 26/26 MP: 2/2
   300 | D:1      | Found a faded altar of an unknown god.
   305 | D:1      | Got Plato's Compendium of Accompaniment
   306 | D:1      | Prayed at the altar of an unknown god.
   306 | D:1      | Became a worshipper of the Wu Jian Council
   306 | D:1      | Reached * piety under Wu Jian
   306 | D:1      | Reached ** piety under Wu Jian
   433 | D:1      | Reached *** piety under Wu Jian
   462 | D:1      | Reached XP level 3. HP: 28/33 MP: 3/3
  1601 | D:2      | Reached skill level 1 in Stealth
  1601 | D:2      | Reached XP level 4. HP: 37/40 MP: 4/4
  2118 | D:3      | Found a snail-covered altar of Cheibriados.
  2152 | D:3      | Reached XP level 5. HP: 36/48 MP: 5/5
  2248 | D:3      | Noticed Grinder
  2255 | D:3      | Paralysed by Grinder for 2 turns
  2267 | D:3      | Paralysed by Grinder for 3 turns
  2271 | D:3      | Killed Grinder
  2272 | D:3      | Reached XP level 6. HP: 37/55 MP: 6/6
  2748 | D:4      | Reached **** piety under Wu Jian
  2969 | D:4      | Found a blossoming altar of Fedhas.
  2984 | D:4      | Noticed an oklob plant
  3520 | D:4      | Found a stormy altar of Qazlal.
  4053 | D:5      | Entered Level 5 of the Dungeon
  4068 | D:5      | Reached skill level 1 in Armour
  4068 | D:5      | Reached XP level 7. HP: 64/64 MP: 7/7
  4108 | D:5      | HP: 3/64 [ice beast (5)]
  4110 | D:5      | Reached skill level 1 in Shapeshifting
  4376 | D:5      | Reached skill level 5 in Fighting
  4445 | D:5      | Reached skill level 5 in Unarmed Combat
  4930 | D:5      | Found an ancient bone altar of Kikubaaqudgha.
  4989 | D:5      | Gained mutation: You occasionally lose the ability to drink
                  | potions when taking damage. [potion of mutation]
  4989 | D:5      | Gained mutation: Your muscles are strong. (Str +4, Int/Dex
                  | -1) [potion of mutation]
  4989 | D:5      | Gained mutation: You have a pair of small antennae on your
                  | head. [potion of mutation]
  4989 | D:5      | Gained mutation: You have large cloven feet. [potion of
                  | mutation]
  4989 | D:5      | Gained mutation: You are resistant to electric shocks.
                  | (rElec) [potion of mutation]
  4989 | D:5      | Slain by an orc warrior

Illustrated notes

Levels and vault maps discovered:
D:1:      dpeg_arrival_orchard, layout_basic,
          shapermc_ecumenical_altar_rom_forum, kennysheep_another_room
D:2:      layout_basic, amcnicky_mini_pool_small
D:3:      cheibrodos_old_hovel, layout_loops_ring, slow_altar_2, st_stairs_7,
          mrwooster_statue_mirror, uniq_grinder
D:4:      layout_basic, tgw_fedhas, lemuel_round_altar, minmay_misc_feat_tiny
D:5:      layout_basic, kennysheep_little_box

Skill      XL: |  1  2  3  4  5  6  7 |
---------------+----------------------+-----
Fighting       | 3 4 5 |  5.1
Unarmed Combat | 3 4 5 |  5.1
Stealth        | 1 3 |  3.0
Dodging        | 3 |  3.3
Armour         | 1 2 |  2.8
Shapeshifting  | 2 |  2.2
Shields        | |  0.7

Action                     |  1- 3 |  4- 6 |  7- 9 || total
---------------------------+-------+-------+-------++-------
  Melee: Unarmed           |    95 |   192 |   111 ||   398
         Tailslap          |    15 |    20 |    15 ||    50
         Punch             |     1 |     5 |     6 ||    12
 Invoke: Serpent's Lash    |       |     2 |     2 ||     4
Ability: Lunge             |    14 |    19 |    12 ||    45
         Whirlwind         |     1 |     5 |     5 ||    11
         Wall Jump         |       |     2 |     1 ||     3
    Use: Potion            |       |     2 |     5 ||     7
   Stab: Sleeping          |     4 |     1 |       ||     5
 Armour: Robe              |    35 |    31 |       ||    66
         Chain mail        |       |    57 |       ||    57
         Plate armour      |       |    52 |   109 ||   161
  Dodge: Dodged            |    27 |    38 |    20 ||    85
  Block: Kite shield       |       |     4 |       ||     4

Table legend: (Time is in decaauts)
 A = Elapsed time spent in this place.
 B = Non-inter-level travel time spent in this place.
 C = Inter-level travel time spent in this place.
 D = Time resting spent in this place.
 E = Time spent auto-exploring this place.
 F = Levels seen in this place.
 G = Mean time per level.
                   A        B        C        D        E       F      G
               +--------+--------+--------+--------+--------+-----+--------+
         Total |   4970 |   4713 |    257 |    199 |   3664 |   5 |  994.0 |
       Dungeon |   4970 |   4713 |    257 |    199 |   3664 |   5 |  994.0 |
               +--------+--------+--------+--------+--------+-----+--------+

Top non-repeatable levels by time:
     D:4: 1369 daAuts
     D:5: 927 daAuts
     D:1: 896 daAuts
     D:3: 894 daAuts
     D:2: 881 daAuts
